 Dungeon Crawl Stone Soup version 0.28.0-45-g0d030f2227 (webtiles) character file.

Game seed: 18142088349821848098

92 ultragoat the Skirmisher (level 4, -8/41 HPs)
             Began as a Hill Orc Fighter on Apr 5, 2022.
             Mangled by an ogre
             ... wielding a +0 giant club
              (33 damage)
             ... on level 3 of the Dungeon.
             The game lasted 00:08:03 (2141 turns).

ultragoat the Skirmisher (Hill Orc Fighter)         Turns: 2141, Time: 00:08:04

Health: -8/41      AC:  7    Str: 20    XL:     4   Next: 60%
Magic:  4/4        EV:  9    Int:  8    God:
Gold:   92         SH:  4    Dex: 10    Spells: 3/3 levels left

rFire   . . .      SeeInvis .   a - +1 war axe
rCold   . . .      Faith    .   c - +0 buckler
rNeg    . . .      Spirit   .   b - +0 scale mail
rPois   +          Reflect  .   (no helmet)
rElec   .          Harm     .   (no cloak)
rCorr   .          Rampage  .   (no gloves)
Will    .....                   (no boots)
Stlth   ..........              (no amulet)
HPRegen 0.13/turn               k - ring of poison resistance
MPRegen 0.09/turn               (no ring)

@: mighty
A: no striking features
a: no special abilities


You were on level 3 of the Dungeon.
You visited 1 branch of the dungeon, and saw 3 of its levels.

You collected 92 gold pieces.

Inventory:

Hand Weapons
 a - a +1 war axe (weapon)
Missiles
 f - 3 boomerangs (quivered)
Armour
 b - a +0 scale mail (worn)
 c - a +0 buckler (worn)
Jewellery
 k - a ring of poison resistance (left hand)
Scrolls
 g - 2 scrolls of enchant weapon
 j - a scroll of brand weapon {unknown}
Potions
 d - a potion of might
 e - a potion of curing


   Skills:
 + Level 4.4 Fighting
 + Level 3.8 Axes
 + Level 1.0 Throwing
 + Level 3.9 Armour
 - Level 3.7 Shields


You had 3 spell levels left.
You didn't know any spells.
Your spell library contained the following spells:

 Spells                   Type           Power      Damage    Failure   Level
 Corpse Rot               Necr/Air       0%         N/A       94%         2
 Poisonous Vapours        Pois/Air       0%         N/A       94%         2
 Mephitic Cloud           Conj/Pois/Air  0%         N/A       99%         3
 Passage of Golubria      Tloc           0%         N/A       100%        4


Dungeon Overview and Level Annotations

Branches:
Dungeon (3/15)

Altars:

Shops:
D:2 *


Message History

You closely miss the goblin. You block the goblin's attack.
The goblin barely misses you.
You barely miss the goblin. The goblin closely misses you.
You closely miss the goblin. The goblin misses you.
You closely miss the goblin. The goblin closely misses you.
The goblin hits you with a +0 club.
You slash the goblin!
You kill the goblin!
You see here a +0 club.
As you read the scroll of identify, it crumbles to dust.
i - a scroll of noise You drop a scroll of noise.
You hear the rapid rusting of a distant drain.
HP restored.
You see here a scroll of noise.
You see here a +0 club.
Found a dagger.
You see here a +0 dagger.
You hear the rapid rusting of a very distant drain.
Found a hand axe.
You see here a +0 hand axe.
Found 27 stones.
Found a stone staircase leading up.
You hear the drain falling apart.
An ogre comes into view. It is wielding a +0 giant club.
The ogre shouts!
The walls and floor vibrate strangely for a moment.
You aren't carrying any items that you can evoke.
Okay, then.
You feel very mighty all of a sudden. The ogre hits you with a +0 giant club!
You barely miss the ogre. The ogre barely misses you.
You slash the ogre!
The ogre is heavily wounded.
The ogre barely misses you.
You slash the ogre!
The ogre is severely wounded.
The ogre hits you with a +0 giant club!!
Ouch! That really hurt!
You die...

########### #.......O.#
#....####.#
#.....###.######
#.....O@<......#
#.......#.#.####.#
###.#.#.......##.#####
#.#...#.#.#........#
#............#.###.#
##....#.#.#..#..##.#
............##.##.#####
......#.#.#...#.##.##...
...........##.##.#.


You could see an ogre.

Vanquished Creatures
  3 gnolls (D:3)
  An adder (D:2)
  2 dart slugs
  An orc (D:3)
  3 endoplasms
  2 giant cockroaches
  8 goblins
  3 hobgoblins
  2 jackals (D:1)
  4 kobolds
  2 quokkas (D:2)
  6 ball pythons
  5 bats
  2 frilled lizards
  5 rats
49 creatures vanquished.

Notes
Turn   | Place    | Note
-------+----------+-------------------------------------------
     0 | D:1      | ultragoat the Hill Orc Fighter began the quest for the Orb.
     0 | D:1      | Reached XP level 1. HP: 19/19 MP: 1/1
   244 | D:1      | Got the Tome of the Venomous Voyage
   268 | D:1      | Reached XP level 2. HP: 27/27 MP: 2/2
   591 | D:1      | Reached skill level 4 in Fighting
   795 | D:2      | Reached XP level 3. HP: 33/33 MP: 3/3
  1070 | D:2      | Found Feynoso's Assorted Antiques.
  1492 | D:3      | Reached XP level 4. HP: 40/40 MP: 4/4
  1508 | D:3      | Reached skill level 1 in Throwing
  2125 | D:3      | Noticed an ogre
  2141 | D:3      | Mangled by an ogre

Illustrated notes

Levels and vault maps discovered:
D:1:      evilmike_arrival_plus, layout_basic
D:2:      layout_rooms, serial_shops, nicolae_square_shop
D:3:      layout_loops_corners, cheibrodos_sewer_entry_bend,
          serial_co_window_serial, co_window_corner_a, co_window_corner_a,
          co_window_corner_a, co_window_paths_b, co_window_of_opportunity_a,
          co_window_corner_ca, co_window_paths_c, co_window_broadway_b,
          co_window_cross_3, co_window_unsneaky_path_b, co_window_2corner,
          glass_columns_b, glass_columns_a, chequers_decorated_corner

Skill      XL: |  1  2  3  4 |
---------------+-------------+-----
Axes           | 3 |  3.8
Fighting       | 4 |  4.4
Throwing       | 1 |  1.0
Armour         | |  3.9
Shields        | |  3.7

Action                   |  1- 3 |  4- 6 || total
-------------------------+-------+-------++-------
Melee: War axe           |   103 |    34 ||   137
Throw: Boomerang         |     6 |       ||     6
  Use: Scroll            |     2 |     2 ||     4
       Potion            |     2 |     1 ||     3
Armor: Scale mail        |    65 |     9 ||    74
Dodge: Dodged            |    58 |    13 ||    71
Block: Buckler           |    24 |     5 ||    29
